cohdb
Replays
Latest Replays
All Replays
Popular Replays
Top Player Replays
Match Explorer
How It Works
Community
CoH3 Stats
Reddit
Sign in to upload your games and track your stats! →
Sign in with Steam
Match 45542838
Unlisted
Match 45542838
Overview
Messages
Build Orders
End
Kradschützen Motorcycle Team
Selects Panzerjäger Kommand Battlegroup
Selects Mine Fields
Panzergrenadier Squad
Panzergrenadier Squad
Construct Light Support Kompanie
Panzerjäger Squad
Fire Support Elements
Panzerjäger Squad
Selects Tank Busters
le.IG 18 Mechanized Group
Veteran Squad Leaders
Construct Panzerarmee Kommand
Panzergrenadier Squad
Selects Defensive Positions
Selects Butterfly Bomb Drop
Butterfly Bomb Drop
Panzer III L Medium Tank
Vehicle Survival Package
Emergency Repair Kits
Selects Crew Shock Tactics
Panzerpioneer Squad
Armored Reserves
Forward Retreat Point
con_007
A Sassy Badger
Urge to Merge
Jimm-e
miragefla
Walther
....
고구마줄거리
0
0
Comments
sign in to comment!
No comments posted yet!